Map: Orbital Shipyard

Players

Solar - Winner!

  • Race: Zerg Zerg

LiquidSnute (Snute)

  • Race: Zerg Zerg

Event: Root's WW3

VOD

Have the link to the VOD?

Description

Time

  • Played on: Dec. 12, 2015, 7:06 a.m.
  • Length: 11:01

All games in this series

Show
View Real Time Build Order
Export as new Build Order

Solar Zerg - Winner!

Build Orders: Hatch First, Lurkers 

Get SALT Encoding   

  12  0:01  Drone  
  13  0:12  Overlord  
  13  0:18  Drone  
  14  0:31  Drone x2  
  14  0:35  Drone  
  17  0:52  Hatchery  
  17  0:55  Drone  
  17  0:58  Drone  
  18  1:11  Spawning Pool  
  17  1:13  Extractor  
  17  1:15  Drone  
  17  1:18  Drone  
  18  1:28  Drone  
  19  1:39  Overlord  
  19  1:58  Spine Crawler, Queen  
  19  1:59  Zergling x2  
  21  2:01  Zergling x2  
  21  2:04  Baneling Nest  
  21  2:05  Zergling x2  
  22  2:11  Zergling x2  
  22  2:14  Queen  
  25  2:21  Zergling x2  
  26  2:23  Zergling x2  
  26  2:35  Zergling x4  
  26  2:47  Baneling x3  
  26  2:53  Queen  
  25  3:00  Drone  
  25  3:02  Baneling, Zergling x2  
  25  3:04  Drone  
  27  3:07  Zergling x2  
  27  3:11  Baneling  
  28  3:15  Zergling x2  
  29  3:24  Drone  
  29  3:26  Zergling x2  
  31  3:29  Overlord  
  31  3:32  Drone  
  32  3:35  Drone  
  32  3:38  Drone  
  34  3:42  Drone  
  35  3:50  Drone x2  
  35  3:54  Metabolic Boost  
  37  3:59  Drone x2  
  37  4:02  Drone  
  40  4:05  Drone  
  40  4:09  Overlord  
  41  4:12  Drone  
  41  4:13  Drone  
  43  4:20  Extractor  
  43  4:21  Overlord  
  43  4:23  Drone  
  43  4:25  Drone  
  43  4:31  Lair  
  44  4:32  Drone  
  44  4:34  Drone  
  46  4:39  Drone x2  
  46  4:40  Drone  
  46  4:41  Drone  
  46  4:43  Drone  
  51  4:47  Drone  
  51  4:50  Extractor  
  51  4:52  Drone x2  
  53  5:00  Overlord  
  53  5:03  Drone x3, Extractor  
  53  5:06  Overlord  
  55  5:07  Drone  
  55  5:10  Zergling x2  
  56  5:19  Drone  
  57  5:23  Zergling x2  
  58  5:29  Hatchery  
  57  5:35  Drone  
  57  5:38  Spire  
  57  5:39  Zergling x12  
  57  5:42  Zergling x2  
  64  5:45  Overlord  
  64  5:50  Overlord  
  64  5:55  Overlord  
  64  6:03  Drone  
  65  6:06  Drone  
  62  6:38  Zergling x2  
  63  6:40  Zergling x2  
  61  6:52  Mutalisk x4  
  61  6:53  Mutalisk x6  
  78  6:56  Zergling x2  
  78  6:58  Zergling x2  
  79  7:04  Zergling x4  
  79  7:05  Baneling  
  79  7:08  Baneling  
  79  7:11  Zergling x2  
  79  7:13  Baneling  
  79  7:14  Mutalisk  
  82  7:17  Extractor  
  82  7:18  Overlord  
  82  7:19  Zerg Flyer Weapons Level 1  
  82  7:20  Extractor  
  82  7:21  Drone  
  81  7:24  Drone  
  81  7:26  Drone  
  83  7:32  Drone  
  83  7:33  Drone x3  
  83  7:36  Mutalisk  
  87  7:38  Zergling x14  
  96  7:45  Drone  
  96  7:48  Mutalisk x2  
  101  7:55  Drone  
  102  7:59  Overlord  
  102  8:01  Drone  
  102  8:03  Zergling x6  
  102  8:04  Hydralisk Den  
  102  8:05  Mutalisk  
  105  8:06  Zergling x2  
  105  8:07  Zergling x8  
  112  8:13  Drone x2  
  114  8:20  Zergling x2  
  108  8:29  Mutalisk x3  
  108  8:33  Drone  
  111  8:34  Drone  
  111  8:36  Lurker Den  
  111  8:37  Drone  
  111  8:38  Evolution Chamber, Drone x4  
  111  8:39  Zergling x6  
  111  8:40  Zergling x2  
  118  8:46  Zergling x2  
  118  8:47  Zergling x2  
  117  8:50  Drone  
  117  8:52  Overlord  
  118  8:56  Overlord  
  118  9:00  Overlord  
  118  9:01  Overlord  
  118  9:08  Hydralisk x2  
  120  9:11  Hydralisk x4  
  120  9:14  Overlord  
  120  9:15  Overlord  
  128  9:19  Hydralisk x3  
  132  9:24  Overlord  
  132  9:25  Overlord  
  132  9:33  Zergling x12  
  132  9:35  Zergling x2  
  139  9:45  Zergling x10  
  144  9:55  Zergling x6  
  147  10:03  Lurker x8  
  147  10:05  Overlord  
  155  10:07  Lurker  
  155  10:08  Zergling x8  
  155  10:09  Hatchery, Zergling x2  
  155  10:12  Zergling x6  
  163  10:16  Zergling x6  
  163  10:19  Baneling x4  
  163  10:20  Baneling  
  163  10:21  Overseer  
  166  10:22  Baneling x2  
  166  10:27  Zergling x6  
  169  10:38  Zergling x12  
  169  10:39  Zergling x2  
Show
View Real Time Build Order
Export as new Build Order

LiquidSnute Zerg 

Build Orders: Pool First 

Get SALT Encoding   

  12  0:01  Drone  
  13  0:21  Spawning Pool  
  12  0:25  Drone  
  13  0:31  Drone, Extractor  
  13  0:36  Drone  
  14  0:44  Overlord  
  14  1:07  Queen  
  14  1:08  Zergling x4  
  14  1:10  Zergling x2  
  19  1:19  Zergling x2  
  20  1:30  Zergling x2  
  21  1:33  Metabolic Boost  
  21  1:41  Zergling x2  
  22  1:52  Baneling Nest  
  21  1:54  Zergling x2  
  22  2:02  Overlord  
  22  2:29  Zergling x8  
  22  2:37  Baneling  
  22  2:38  Baneling  
  22  2:39  Baneling  
  22  2:41  Zergling x2  
  23  2:52  Drone  
  24  3:01  Drone x3  
  24  3:04  Baneling  
  24  3:05  Baneling  
  26  3:07  Baneling  
  26  3:09  Drone  
  27  3:18  Drone  
  27  3:31  Hatchery  
  27  3:33  Overlord  
  26  3:37  Drone  
  27  3:50  Drone x3  
  30  4:08  Hatchery  
  29  4:16  Queen  
  31  4:23  Zergling x2  
  33  4:24  Drone  
  33  4:25  Drone  
  33  4:28  Drone  
  35  4:32  Drone  
  35  4:35  Drone  
  37  4:40  Drone  
  37  4:43  Drone  
  39  4:50  Extractor  
  38  4:53  Roach Warren  
  38  4:54  Drone  
  38  4:56  Drone  
  38  4:58  Drone  
  40  5:00  Drone  
  40  5:03  Drone  
  41  5:07  Overlord  
  41  5:09  Drone  
  41  5:16  Overlord  
  41  5:18  Overlord  
  41  5:25  Drone x4  
  41  5:27  Baneling  
  41  5:28  Baneling  
  44  5:31  Drone x2  
  44  5:33  Drone  
  47  5:36  Drone  
  47  5:40  Drone x2  
  50  5:46  Drone x3  
  53  5:51  Queen  
  53  5:53  Drone x2  
  57  5:58  Drone x3  
  57  5:59  Drone  
  61  6:06  Drone x4  
  61  6:10  Drone  
  66  6:13  Queen  
  66  6:15  Drone x2  
  66  6:16  Overlord  
  70  6:27  Baneling  
  70  6:28  Baneling  
  70  6:31  Queen x2  
  73  6:35  Baneling x2  
  74  6:40  Zergling x12  
  74  6:46  Zergling x2  
  74  6:47  Zergling x6  
  73  6:56  Drone x3  
  73  6:57  Queen  
  78  7:05  Overlord  
  78  7:06  Drone x4, Queen  
  78  7:07  Spore Crawler  
  81  7:11  Drone, Spore Crawler  
  81  7:15  Evolution Chamber, Drone x2  
  82  7:19  Overlord  
  82  7:22  Extractor  
  81  7:23  Extractor  
  81  7:24  Queen, Extractor  
  81  7:25  Extractor  
  81  7:29  Drone x5  
  83  7:30  Spore Crawler  
  83  7:31  Spore Crawler  
  83  7:32  Queen  
  83  7:33  Drone  
  84  7:38  Spore Crawler  
  84  7:40  Drone x5  
  84  7:41  Spore Crawler  
  84  7:42  Zerg Missile Weapons Level 1, Queen  
  86  7:58  Spore Crawler  
  84  8:00  Queen  
  84  8:01  Spore Crawler  
  84  8:04  Zergling x20  
  94  8:09  Lair  
  92  8:18  Queen  
  92  8:19  Baneling x3  
  92  8:25  Zergling x10  
  87  8:33  Drone x3  
  88  8:36  Extractor, Queen  
  88  8:37  Drone x3  
  91  8:48  Drone  
  91  8:49  Drone x5  
  91  8:51  Overlord  
  95  9:08  Queen x2  
  97  9:12  Hydralisk Den  
  97  9:13  Drone x2  
  97  9:14  Queen  
  97  9:16  Infestation Pit  
  99  9:20  Drone x5  
  99  9:21  Drone x2  
  99  9:22  Baneling x3  
  106  9:41  Spore Crawler, Hydralisk Den  
  106  9:53  Overlord x2  
  106  9:54  Queen  
  106  9:55  Overlord  
  106  10:05  Overlord  
  106  10:08  Overlord x4  
  106  10:11  Queen  
  106  10:12  Roach Warren  
  111  10:30  Hatchery  
  111  10:32  Zergling x30  
  114  10:48  Spire  
Tags
 
Composition
Lurkers
Matchup
ZvZ
Race
Zerg
Replay Pack
WW3 Reps
Add a new tag
Caveats
  • Supply blocks, unpowered buildings, or Contaminate may cause inaccurate times.
  • Supply counts are checked every 10 seconds.